 Dungeon Crawl Stone Soup version 0.29.1-2-gbd0b4ee654 (webtiles) character file.

Game seed: 8669240973537839636

74 qeuew the Trooper (level 4, -1/52 HPs)
             Began as a Demonspawn Fighter on Nov 15, 2022.
             Succumbed to an orc priest's poison
             ... on level 4 of the Dungeon.
             The game lasted 00:02:28 (2413 turns).

qeuew the Trooper (Demonspawn Fighter)              Turns: 2413, Time: 00:02:29

Health: -1/52      AC:  6    Str: 16    XL:     4   Next: 9%
Magic:  4/4        EV:  9    Int:  9    God:
Gold:   167        SH:  0    Dex: 15    Spells: 3/3 levels left

rFire   . . .      SeeInvis .   a - +0 war axe
rCold   . . .      Faith    .   c - +0 buckler
rNeg    . . .      Spirit   .   b - +0 scale mail
rPois   .          Reflect  .   (helmet restricted)
rElec   .          Harm     .   (no cloak)
rCorr   .          Rampage  .   (no gloves)
Will    .....                   (no boots)
Stlth   ..........              (no amulet)
HPRegen 0.17/turn               (no ring)
MPRegen 0.09/turn               (no ring)

@: confused, berserking, lethally poisoned (-1 -> -10), very quick
A: horns 1, condensation shield
a: no special abilities


You were on level 4 of the Dungeon.
You visited 1 branch of the dungeon, and saw 4 of its levels.

You collected 167 gold pieces.

Inventory:

Hand Weapons
 a - a +0 war axe (weapon)
Armour
 b - a +0 scale mail (worn)
 c - a +0 buckler (worn)
Scrolls
 e - a scroll of teleportation
 f - a scroll of identify
 j - a scroll of blinking {unknown}
Potions
 d - a potion of might
 g - a potion of flight
 i - 2 potions of magic
 k - a potion of curing


   Skills:
 + Level 3.4 Fighting
 + Level 2.3 Axes
 + Level 3.1 Armour
 + Level 1.2 Dodging
 + Level 3.1 Shields


You had 3 spell levels left.
You didn't know any spells.
Your spell library contained the following spells:

 Spells                   Type           Power      Damage    Failure   Level
 Poisonous Vapours        Pois/Air       0%         N/A       96%         2
 Corpse Rot               Necr/Pois/Air  0%         N/A       100%        4
 Dispersal                Tloc           0%         N/A       100%        6
 Disjunction              Tloc           0%         N/A       100%        8


Dungeon Overview and Level Annotations

Branches:
Dungeon (4/15)
 Temple: D:4-7

Altars:


Innate Abilities, Weirdness & Mutations

You have a pair of small horns on your head.
A meltable shield of frost defends you. (SH +0)


Message History

The orc priest barely misses you.
You bump into the rock wall.
You feel sick. Something hits you.
The orc priest hits you with a +0 short sword of venom.
You are more poisoned.
You completely miss something. You closely miss the orc priest.
You feel very sick. Something hits you. The orc priest closely misses you.
Something hits you.
The orc priest looks braver for a moment.
A red film seems to cover your vision as you go berserk!
You feel yourself moving faster!
You feel mighty!
You feel less confused.
You feel sick. Something hits you but does no damage.
You block the orc priest's attack.
You barely miss something. You closely miss the orc priest.
You feel sick.
You hear some strange, mumbled words.
You are confused.
The orc priest miscasts a cantrip.
You bump into the rock wall.
You feel sick. Something hits you.
* * * LOW HITPOINT WARNING * * *
The orc priest closely misses you.
You completely miss the orc priest.
The orc priest is moderately wounded.
You closely miss something.
You feel sick. Something hits you but does no damage.
The orc priest barely misses you.
You bump into the rock wall.
You miss something. You slash the orc priest!
You feel sick. Something hits you.
* * * LOW HITPOINT WARNING * * *
The orc priest hits you with a +0 short sword of venom.
* * * LOW HITPOINT WARNING * * *
You are lethally poisoned!
You completely miss something. You completely miss the orc priest.
* * * LOW HITPOINT WARNING * * *
You feel very sick. Something hits you.
* * * LOW HITPOINT WARNING * * *
The orc priest closely misses you.
You miss something. You hit the orc priest.
You kill the orc priest!
You die...

######### #.......#
#.......# ........#
#.......# #o......#
#{)....$# #@#
#.###### ##.#
#......###..# ###
######..#..## #.#
~~## #######...### ..
#...
~~~###...........##.#
#....
.~~....#####..#......
...... ..~~...#
....#....## ......
....~..#
..##.#....###......


You could see an orc.

Vanquished Creatures
  An orc priest (D:4)
  3 adders
  3 orcs
  2 bats (D:2)
  6 endoplasms
  4 giant cockroaches
  6 goblins
  2 hobgoblins (D:3)
  2 quokkas
  5 ball pythons
  4 kobolds
  2 rats
40 creatures vanquished.

Notes
Turn   | Place    | Note
-------+----------+-------------------------------------------
     0 | D:1      | qeuew the Demonspawn Fighter began the quest for the Orb.
     0 | D:1      | Reached XP level 1. HP: 18/18 MP: 1/1
   881 | D:2      | Gained mutation: You have a pair of small horns on your
                  | head. [demonic ancestry]
   881 | D:2      | Reached XP level 2. HP: 12/24 MP: 2/2
  1449 | D:2      | Reached XP level 3. HP: 25/29 MP: 3/3
  1589 | D:2      | Reached skill level 1 in Dodging
  1894 | D:3      | Found a faded altar of an unknown god.
  2309 | D:4      | Gained mutation: A meltable shield of frost defends you.
                  | (SH +0) [demonic ancestry]
  2309 | D:4      | Reached XP level 4. HP: 33/35 MP: 4/4
  2412 | D:4      | HP: 1/52 [something (2)]
  2413 | D:4      | Succumbed to an orc priest's poison

Illustrated notes

Levels and vault maps discovered:
D:1:      dpeg_arrival_water_temple_mockup, layout_basic
D:2:      layout_basic
D:3:      layout_rooms, ebering_ecumenical_altar_petrified
D:4:      cheibrodos_helix_gallery, layout_rooms, general_overflow_altar

Skill      XL: |  1  2  3 |
---------------+----------+-----
Axes           | 2 |  2.3
Armour         | 3 |  3.1
Shields        | 3 |  3.1
Dodging        | 1 |  1.2
Fighting       | |  3.4

Action                   |  1- 3 |  4- 6 || total
-------------------------+-------+-------++-------
Melee: War axe           |    95 |    14 ||   109
       Headbutt          |     9 |       ||     9
  Use: Scroll            |     8 |       ||     8
       Potion            |     1 |     2 ||     3
Armor: Scale mail        |    47 |     7 ||    54
Dodge: Dodged            |    55 |     7 ||    62
Block: Buckler           |    22 |     2 ||    24
